 Dungeon Crawl Stone Soup version 0.25.0-1-g7eea58d (webtiles) character file.

Game seed: 10220438773665125467

967 Illumine the Vexing (level 7, 0/40 HPs)
             Began as a Deep Elf Enchanter on June 22, 2020.
             Slain by an orc warrior (14 damage)
             ... on level 6 of the Dungeon.
             The game lasted 00:22:18 (6366 turns).

Illumine the Vexing (Deep Elf Enchanter)            Turns: 6366, Time: 00:22:18

Health: 0/40       AC:  8    Str:  6    XL:     7   Next: 93%
Magic:  5/16       EV: 15    Int: 21    God:
Gold:   282        SH:  0    Dex: 15    Spells: 3/16 levels left

rFire    . . .     SeeInvis .   t - +3 whip (elec)
rCold    . . .     Gourm    .   (no shield)
rNeg     . . .     Faith    .   b - +0 robe
rPois    +         Spirit   .   k - +1 hat
rElec    .         Reflect  .   e - +0 cloak
rCorr    .         Harm     .   (no gloves)
MR       .....                  (no boots)
Stlth    +++.......             (no amulet)
HPRegen  0.13/turn              g - +4 ring of protection
MPRegen  0.15/turn              f - ring of poison resistance

@: mighty, very slightly contaminated
A: no striking features
a: no special abilities


You were on level 6 of the Dungeon.
You were not hungry.

You visited 1 branch of the dungeon, and saw 6 of its levels.

You collected 282 gold pieces.

Inventory:

Hand Weapons
 a - a +1 dagger
 j - a +0 long sword of flaming
 t - a +3 whip of electrocution (weapon)
 F - a +2 hand axe of electrocution
Missiles
 c - 149 stones (quivered)
 B - 6 datura-tipped darts
Armour
 b - a +0 robe (worn)
 e - a +0 cloak (worn)
 k - a +1 hat (worn)
Jewellery
 f - a ring of poison resistance (right hand)
 g - a +4 ring of protection (left hand)
 h - an uncursed ring of fire
 y - an uncursed ring of see invisible
 D - a +6 ring of intelligence
Wands
 v - a wand of polymorph (6)
 C - a wand of paralysis (6)
Scrolls
 m - 4 scrolls of identify
 p - 6 scrolls of teleportation
 w - a scroll of magic mapping
 A - a scroll of amnesia {unknown}
 E - a scroll of blinking
Potions
 i - a potion of magic {unknown}
 l - a potion of mutation {unknown}
 n - a potion of resistance {unknown}
 o - a potion of invisibility {unknown}
 q - a potion of ambrosia {unknown}
 r - a potion of berserk rage {unknown}
 s - a potion of lignification {unknown}
 u - a potion of might
 x - a potion of flight {unknown}
 z - a potion of heal wounds
Comestibles
 d - 9 rations
 G - 2 chunks of flesh


   Skills:
 + Level 2.3 Fighting
 + Level 3.3 Short Blades
 + Level 0.9 Maces & Flails
 + Level 4.7 Dodging
 + Level 5.6 Stealth
 + Level 5.1 Spellcasting
 + Level 2.4 Conjurations
 + Level 6.0 Hexes
 + Level 2.0 Summonings
 - Level 1.0 Ice Magic


You had 3 spell levels left.
You knew the following spells:

 Your Spells              Type           Power        Failure   Level  Hunger
a - Corona                Hex            ####...      1%          1    None
b - Ensorcelled Hibernat  Hex/Ice        ###...       3%          2    None
c - Confusing Touch       Hex            ####....     2%          3    ##.....
d - Tukima's Dance        Hex            ####....     2%          3    ##.....
e - Dazzling Flash        Conj/Hex       ###...       5%          3    ##.....
f - Summon Small Mammal   Summ           ##..         4%          1    None

Your spell library contained the following spells:

 Spells                   Type           Power        Failure   Level  Hunger
 Summon Guardian Golem    Hex/Summ       ###.....     6%          3    ##.....
 Call Imp                 Summ           ##......     7%          2    None
 Call Canine Familiar     Summ           ##......     14%         3    ##.....
 Summon Ice Beast         Ice/Summ       ##......     50%         4    ####...
 Summon Lightning Spire   Summ/Air       #.......     56%         4    ####...


Dungeon Overview and Level Annotations

Branches:
Dungeon (6/15)
 Temple: D:4-7

Altars:
Cheibriados
Fedhas
Kikubaaqudgha
Okawaru
Ru
Xom

Annotations:
D:6 Maggie


Message History

You barely miss the orc warrior.
The orc warrior is severely wounded.
Your +0 scimitar closely misses the orc warrior.
The orc warrior hits you.
The orc wizard gestures wildly while chanting.
The orc wizard flickers and vanishes!
Deactivating autopickup; reactivate with Ctrl-A.
Your +0 scimitar hits the orc warrior.
Casting: Tukima's Dance (dangerous; 2% risk of failure)
Confirm with . or Enter, or press ? or * to list all spells.
Okay, then.
Casting: Tukima's Dance (dangerous; 2% risk of failure)
Confirm with . or Enter, or press ? or * to list all spells.
The orc is dazzled.
The orc warrior is dazzled.
The orc hits you but does no damage. The orc warrior closely misses you.
Unknown command.
You whack the orc!
You kill the orc!
The orc warrior hits you!
You die...

########
#......#
####...o@.#
..o...(o..#
.###......#
#......#
..........
#######.....
#.....#
###.### .#


You could see an orc warrior (blind), an orc wizard, an orc and a friendly +0
scimitar.

Vanquished Creatures
  Edmund (D:5)
  A centaur (D:5)
  A scorpion (D:4)
  2 orc priests (D:3)
  3 hounds
  A jelly (D:6)
  2 orc wizards
  Natasha (thrice) (D:2)
  3 worker ants
  Ijyb (D:4)
  A killer bee zombie (D:5)
  10 adders
  2 shadow imps
  An ooze (D:2)
  An adder skeleton (D:4)
  2 worms (D:2)
  5 dart slugs
  8 leopard geckos
  27 orcs
  4 giant cockroaches
  10 goblins
  7 hobgoblins
  7 jackals
  6 kobolds
  2 quokkas
  2 ball pythons
  6 bats
  5 frilled lizards
  2 leopard gecko skeletons
  A leopard gecko zombie (D:5)
  A quokka skeleton (D:4)
  A quokka zombie (D:5)
  9 rats
138 creatures vanquished.

Vanquished Creatures (collateral kills)
  An ogre (D:5)
  An orc wizard (D:5)
  An adder (D:4)
  4 orcs
7 creatures vanquished.

Vanquished Creatures (others)
  2 dancing weapons
2 creatures vanquished.

Grand Total: 147 creatures vanquished

Notes
Turn   | Place    | Note
-------+----------+-------------------------------------------
     0 | D:1      | Illumine the Deep Elf Enchanter began the quest for the
                  | Orb.
     0 | D:1      | Reached XP level 1. HP: 10/10 MP: 6/6
   306 | D:1      | Reached XP level 2. HP: 12/15 MP: 6/8
   366 | D:1      | Learned a level 2 spell: Ensorcelled Hibernation
  1038 | D:1      | Reached XP level 3. HP: 18/19 MP: 6/9
  1107 | D:1      | Learned a level 3 spell: Confusing Touch
  1527 | D:2      | Reached skill level 1 in Ice Magic
  1573 | D:2      | Learned a level 3 spell: Tukima's Dance
  1694 | D:2      | Found a sacrificial altar of Ru.
  1704 | D:2      | Reached XP level 4. HP: 23/24 MP: 8/11
  2602 | D:2      | Noticed Natasha
  2608 | D:2      | Killed Natasha
  2608 | D:2      | Reached skill level 1 in Fighting
  2608 | D:2      | Reached XP level 5. HP: 29/29 MP: 4/12
  2763 | D:2      | Noticed Natasha
  2767 | D:2      | Killed Natasha
  2767 | D:2      | Reached skill level 5 in Hexes
  2772 | D:2      | Learned a level 3 spell: Dazzling Flash
  2792 | D:2      | Noticed Natasha
  2812 | D:2      | Killed Natasha
  3242 | D:3      | Found an ancient bone altar of Kikubaaqudgha.
  3440 | D:3      | Reached XP level 6. HP: 11/34 MP: 11/14
  3646 | D:3      | Learned a level 1 spell: Summon Small Mammal
  3841 | D:4      | Noticed Ijyb
  4600 | D:4      | Reached skill level 1 in Conjurations
  4885 | D:4      | Reached skill level 5 in Stealth
  4885 | D:4      | Reached skill level 1 in Summonings
  5023 | D:4      | Killed Ijyb
  5096 | D:4      | Reached XP level 7. HP: 29/39 MP: 5/15
  5243 | D:4      | Found a blossoming altar of Fedhas.
  5387 | D:4      | Found an iron altar of Okawaru.
  5391 | D:4      | Found a shimmering altar of Xom.
  5393 | D:4      | Found a snail-covered altar of Cheibriados.
  5530 | D:5      | Entered Level 5 of the Dungeon
  5604 | D:5      | Noticed Edmund
  5656 | D:5      | Killed Edmund
  5873 | D:5      | Reached skill level 5 in Spellcasting
  5995 | D:5      | Reached skill level 6 in Hexes
  6318 | D:6      | Noticed Maggie
  6366 | D:6      | Slain by an orc warrior

Illustrated notes

Levels and vault maps discovered:
D:1:      dpeg_arrival_tiny_g, layout_rooms, minmay_quantized
D:2:      layout_rooms, lemuel_round_altar, guppyfry_early_orc_mine,
          uniq_natasha
D:3:      layout_basic, kiku_gazebo_pond_becter, guppyfry_early_lair_pool
D:4:      layout_cave_pools, old_standard_altar,
          chequers_temple_overflow_statue_of_worship, first_ration,
          grunt_ministairs_5, st_stairs_12, chequers_garden,
          fedhas_ov_isle_minmay, uniq_ijyb
D:5:      cheibrodos_iron_armory, layout_rooms, uniq_edmund
D:6:      layout_rooms, gammafunk_temple_overflow_pools, minmay_manual_mess,
          uniq_maggie

Skill      XL: |  1  2  3  4  5  6  7 |
---------------+----------------------+-----
Stealth        | 4 5 |  5.6
Dodging        | 3 4 |  4.7
Ice Magic      | 1 |  1.0
Fighting       | 1 2 |  2.3
Short Blades   | 2 3 |  3.3
Spellcasting   | 4 5 |  5.1
Hexes          | 5 6 |  6.0
Conjurations   | 1 2 |  2.4
Summonings     | 1 2 |  2.0
Maces & Flails | |  0.9

Action                   |  1- 3 |  4- 6 |  7- 9 || total
-------------------------+-------+-------+-------++-------
Melee: Dagger            |    95 |   111 |    14 ||   220
       Whip              |       |    47 |   120 ||   167
       Long sword        |       |     4 |       ||     4
Throw: Stone             |    13 |     3 |     1 ||    17
 Cast: Corona            |     5 |       |       ||     5
       Ensorcelled Hiber |    48 |    61 |     4 ||   113
       Confusing Touch   |       |     6 |     2 ||     8
       Tukima's Dance    |       |     6 |    10 ||    16
       Dazzling Flash    |       |     1 |     1 ||     2
  Use: Scroll            |     2 |     2 |     1 ||     5
       Potion            |       |       |     2 ||     2
 Stab: Sleeping          |    24 |    39 |     5 ||    68
       Confused          |       |     4 |       ||     4
       Distracted        |       |     1 |       ||     1
  Eat: Chunk             |     4 |     9 |     5 ||    18
       Ration            |       |     1 |       ||     1
Armor: Robe              |    74 |    66 |    62 ||   202
Dodge: Dodged            |   116 |   120 |   118 ||   354
       Rpst.: Long sword |       |     2 |       ||     2
